 Dungeon Crawl Stone Soup version 0.29.0-15-g675c0067aa (webtiles) character file.

Game seed: 18364377307068396435

441 qw the Shield-Bearer (level 7, -2/41 HPs)
             Began as a Gargoyle Fighter on Sept 11, 2022.
             Was an Initiate of Okawaru.
             Killed by nerve-wracking pain
             ... invoked by an orc priest
              (6 damage)
             ... on level 5 of the Dungeon.
             The game lasted 00:01:31 (4560 turns).

qw the Shield-Bearer (Gargoyle Fighter)             Turns: 4560, Time: 00:01:31

Health: -2/41      AC: 15    Str: 26    XL:     7   Next: 2%
Magic:  7/7        EV:  9    Int:  8    God:    Okawaru [......]
Gold:   161        SH: 11    Dex:  9    Spells: 6/6 levels left

rFire   . . .      SeeInvis +   Y - +0 war axe
rCold   . . .      Faith    .   m - +3 kite shield of Jiutuuxa {Harm rCorr Str+4}
rNeg    + . .      Spirit   .   b - +0 scale mail
rPois   inf        Reflect  .   c - +0 helmet {SInv}
rElec   +          Harm     +   k - +0 cloak
rCorr   +          Rampage  .   f - +0 pair of gloves
Will    .....                   (no boots)
Stlth   ..........              a - amulet of the acrobat
HPRegen 0.13/turn               (no ring)
MPRegen 0.10/turn               (no ring)

@: no status effects
A: sickness immunity, AC +4, negative energy resistance 1, electricity
resistance, torment resistance 1, petrification resistance
a: Renounce Religion


You were on level 5 of the Dungeon.
You worshipped Okawaru.
Okawaru was noncommittal.
You visited 2 branches of the dungeon, and saw 6 of its levels.

You collected 210 gold pieces.
You spent 49 gold pieces at shops.


Innate Abilities, Weirdness & Mutations

You are immune to sickness and miasma.
Your stone body is resilient. (AC +4)
You are immune to poison.
You resist negative energy. (rN+)
You are resistant to electric shocks. (rElec)
You are resistant to unholy torment.
You are immune to petrification.


   Skills:
 - Level 3.2 Fighting
 - Level 5.0 Axes
 + Level 0.0 Throwing
 - Level 3.2 Armour
 - Level 2.1 Dodging
 - Level 5.2 Shields


You had 6 spell levels left.
You didn't know any spells.
Your spell library was empty.

Inventory:

Hand Weapons
 g - a +0 mace
 Y - a +0 war axe (weapon)
Missiles
 q - 5 silver boomerangs (quivered)
Armour
 b - a +0 scale mail (worn)
 c - a +0 helmet of see invisible (worn)
 f - a +0 pair of gloves (worn)
 k - a +0 cloak (worn)
 m - the +3 kite shield of Jiutuuxa (worn) {Harm rCorr Str+4}
   (You acquired it on level 3 of the Dungeon)

   Str:       It affects your strength (+4).
   rCorr:     It protects you from acid and corrosion.
   Harm:      It increases damage dealt and taken.
Jewellery
 a - an amulet of the acrobat (around neck)
 h - an amulet of guardian spirit
Scrolls
 e - 2 scrolls of identify
 p - a scroll of immolation {unknown}
Potions
 d - a potion of might
 i - 2 potions of curing
 l - a potion of mutation {unknown}
 n - a potion of attraction
 o - a potion of brilliance {unknown}

Dungeon Overview and Level Annotations

Branches:
Dungeon (5/15)             Temple (1/1) D:4

Altars:
Ashenzari
Cheibriados
Dithmenos
Fedhas
Gozag
Hepliaklqana
Kikubaaqudgha
Makhleb
Nemelex Xobeh
Okawaru
Qazlal
Ru
Sif Muna
Trog
Uskayaw
Vehumet
Wu Jian
Yredelemnul
Zin
The Shining One

Shops:
D:1 ![


Message History

4338 ||| FLEEEEING.
4339 ||| FLEEEEING.
4340 ||| FLEEEEING.
You start resting.
HP restored.
e - 2 scrolls of identify (gained 1)
The frilled lizard hisses angrily.
You hear an angry hiss.
The frilled lizard hisses angrily. x2
The frilled lizard unfolds its giant frill.
The orc priest shouts!
Enter note:
Enter note:
Enter note:
Enter note:
4549 ||| Stepping ~*~*~tactically~*~*~ (hiding).
You start waiting.
An orc priest is nearby!
4552 ||| Stepping ~*~*~tactically~*~*~ (hiding).
4553 ||| Stepping ~*~*~tactically~*~*~ (hiding).
The orc priest invokes the aid of Beogh against you.
Pain shoots through your body! The orc priest misses you.
You hit the orc priest.
The orc priest is heavily wounded.
The orc priest invokes the aid of Beogh against you.
Beogh smites you!
The orc priest hits you with a +0 short sword.
You closely miss the orc priest.
The orc priest is heavily wounded.
The orc priest calls down the wrath of Beogh upon you.
Beogh smites you!
You hit the orc priest but do no damage.
The orc priest is heavily wounded.
The orc priest closely misses you.
You hit the orc priest but do no damage.
The orc priest is heavily wounded.
The orc priest hits you with a +0 short sword.
The orc priest mumbles some strange prayers to Beogh against you.
Pain shoots through your body!
You die...

###%............................#
.>..............................#
....#####......##...............#
....# #...#####...............#
..### #...# #................ ..#
#...# #...............# ..# #...#
#...............# ###
#...#####...............#
#.......@o..............#
#...............##....).#
#...............##.......
#######........#########......h
#..............# #.......
#.........###### #./.....
#.........# #....... #.........#
######## ###.........#


You could see an orc priest.

Vanquished Creatures
  2 black bears
  A howler monkey (D:4)
  A hound (D:5)
  A jelly (D:4)
  8 adders
  2 worms (D:2)
  4 dart slugs
  4 orcs
  3 bats
  8 endoplasms
  4 giant cockroaches
  8 goblins
  4 hobgoblins
  4 jackals (D:5)
  2 quokkas
  7 ball pythons
  4 frilled lizards
  10 kobolds
  3 rats (D:3)
80 creatures vanquished.

Vanquished Creatures (others)
  8 fungi (D:5)
  3 plants (D:1)
11 creatures vanquished.

Grand Total: 91 creatures vanquished

Notes
Turn   | Place    | Note
-------+----------+-------------------------------------------
     0 | D:1      | qw the Gargoyle Fighter began the quest for the Orb.
     0 | D:1      | Reached XP level 1. HP: 14/14 MP: 1/1
     0 | D:1      | 0 ||| qw: Version: 0.1-a-119-g272c26d
     0 | D:1      | 0 ||| qw: Game counter: 10734
     0 | D:1      | 0 ||| qw: Always use a shield: true
     0 | D:1      | 0 ||| qw: God list: Okawaru
     0 | D:1      | 0 ||| qw: Allow faded altars: false
     0 | D:1      | 0 ||| qw: Do Orc after D:15 true
     0 | D:1      | 0 ||| qw: Do second Lair branch before Depths: true
     0 | D:1      | 0 ||| qw: Lair rune preference: random
     0 | D:1      | 0 ||| qw: Plans: Normal, Zot, God:TSO, Crypt, Tomb, Pan,
                  | Slime, Hells, Zig, Abyss, Orb
     0 | D:1      | 0 ||| PLANNING D:1-11
   376 | D:1      | Reached XP level 2. HP: 19/19 MP: 2/2
   430 | D:1      | Found Quny's Armour Emporium.
   434 | D:1      | 434 ||| BUYING +0 cloak (49 gold).
   434 | D:1      | Bought a +0 cloak for 49 gold pieces
   434 | D:1      | 434 ||| SHOPLISTING +1 hat (121 gold, have 17).
   434 | D:1      | 434 ||| SHOPLISTING +2 cloak of preservation (236 gold,
                  | have 17).
   434 | D:1      | 434 ||| SHOPLISTING +2 pair of gloves (181 gold, have 17).
   434 | D:1      | 434 ||| SHOPLISTING +2 plate armour of fire resistance (440
                  | gold, have 17).
   617 | D:1      | Found Zighocoi's Distillery.
   623 | D:1      | 623 ||| SHOPLISTING potion of curing (42 gold, have 24).
   623 | D:1      | 623 ||| SHOPLISTING potion of heal wounds (70 gold, have
                  | 24).
   623 | D:1      | 623 ||| SHOPLISTING potion of mutation (112 gold, have 24).
   711 | D:1      | Found a faded altar of an unknown god.
   932 | D:1      | 932 ||| UPGRADING to +0 cloak.
   937 | D:1      | 937 ||| READING scroll labelled NENATHR BITULYG.
   938 | D:1      | 938 ||| READING scroll labelled VINEPN LOUVVUA.
   939 | D:1      | 939 ||| READING scroll labelled KALUUR QUTYEVO.
   940 | D:1      | 940 ||| READING scroll labelled GEPSO GO UGE.
   985 | D:1      | 985 ||| READING scroll labelled FIOTUUCR DEPN.
   986 | D:1      | 986 ||| DRINKING 2 fizzy green potions.
  1009 | D:2      | 1009 ||| STAIRDANCE
  1048 | D:2      | 1048 ||| STAIRDANCE
  1351 | D:2      | HP: 4/19 [worm (3)]
  1352 | D:2      | 1352 ||| DRINKING potion of heal wounds.
  1368 | D:2      | Reached skill level 3 in Axes
  1425 | D:2      | 1425 ||| Stepping ~*~*~tactically~*~*~ (stealth).
  1474 | D:2      | 1474 ||| Stepping ~*~*~tactically~*~*~ (stealth).
  1486 | D:2      | 1486 ||| Stepping ~*~*~tactically~*~*~ (stealth).
  1490 | D:2      | Reached XP level 3. HP: 22/23 MP: 3/3
  1860 | D:2      | 1860 ||| UPGRADING to amulet of the acrobat.
  1865 | D:2      | 1865 ||| READING 2 scrolls labelled WALI YMEINANK.
  1866 | D:2      | 1866 ||| READING scroll labelled RULUSSEUSA.
  1871 | D:2      | 1871 ||| DRINKING 2 yellow potions.
  1900 | D:3      | 1900 ||| Stepping ~*~*~tactically~*~*~ (stealth).
  2001 | D:3      | Reached XP level 4. HP: 28/28 MP: 4/4
  2138 | D:3      | 2138 ||| Stepping ~*~*~tactically~*~*~ (hiding).
  2141 | D:3      | 2141 ||| Stepping ~*~*~tactically~*~*~ (hiding).
  2322 | D:3      | Found a shimmering blue altar of Sif Muna.
  2468 | D:3      | 2468 ||| READING scroll labelled PUGGEKH ZOUMUN.
  2468 | D:3      | Identified a scroll of acquirement
  2468 | D:3      | 2468 ||| ACQUIRING +3 kite shield of Jiutuuxa {Harm rCorr
                  | Str+4}
  2468 | D:3      | Acquired the +3 kite shield of Jiutuuxa {Harm rCorr Str+4}
  2470 | D:3      | 2470 ||| UPGRADING to +3 kite shield of Jiutuuxa {Harm
                  | rCorr Str+4}.
  2480 | D:3      | 2480 ||| DROPPING +0 buckler.
  2481 | D:3      | 2481 ||| READING 3 scrolls of identify.
  2481 | D:3      | 2481 ||| IDENTIFYING dark potion
  2482 | D:3      | 2482 ||| READING 2 scrolls of identify.
  2482 | D:3      | 2482 ||| IDENTIFYING fuming emerald potion
  2483 | D:3      | 2483 ||| DROPPING potion of ambrosia.
  2484 | D:3      | 2484 ||| DROPPING potion of magic.
  2572 | D:4      | 2572 ||| Stepping ~*~*~tactically~*~*~ (stealth).
  2583 | D:4      | Reached XP level 5. HP: 30/32 MP: 5/5
  2630 | D:4      | 2630 ||| Stepping ~*~*~tactically~*~*~ (stealth).
  2638 | D:4      | 2638 ||| DROPPING +0 club.
  2682 | D:4      | 2682 ||| Stepping ~*~*~tactically~*~*~ (hiding).
  2683 | D:4      | 2683 ||| Stepping ~*~*~tactically~*~*~ (hiding).
  2685 | D:4      | 2685 ||| Stepping ~*~*~tactically~*~*~ (hiding).
  2686 | D:4      | 2686 ||| Stepping ~*~*~tactically~*~*~ (hiding).
  2919 | D:4      | Found a glowing silver altar of Zin.
  2919 | D:4      | Noticed an angel
  3216 | D:4      | Reached XP level 6. HP: 37/37 MP: 6/6
  3247 | D:4      | Found a staircase to the Ecumenical Temple.
  3248 | D:4      | 3248 ||| PLANNING TEMPLE
  3248 | D:4      | 3248 ||| UPGRADING to +0 helmet of see invisible.
  3253 | D:4      | 3253 ||| UPGRADING to +0 pair of gloves.
  3258 | D:4      | 3258 ||| READING scroll labelled BAOSEF QYATRI.
  3259 | D:4      | 3259 ||| DRINKING 2 blue potions.
  3260 | D:4      | 3260 ||| READING 2 scrolls of identify.
  3260 | D:4      | 3260 ||| IDENTIFYING lumpy cyan potion
  3261 | D:4      | 3261 ||| DROPPING potion of berserk rage.
  3268 | Temple   | Entered the Ecumenical Temple
  3480 | Temple   | 3480 ||| PLANNING D:1-11
  3513 | Temple   | Became a worshipper of Warmaster Okawaru
  3711 | D:4      | Noticed a black bear
  3718 | D:4      | Killed a black bear
  3986 | D:5      | Entered Level 5 of the Dungeon
  4068 | D:5      | Noticed a black bear
  4078 | D:5      | Killed a black bear
  4078 | D:5      | Reached * piety under Okawaru
  4079 | D:5      | Reached XP level 7. HP: 37/41 MP: 7/7
  4189 | D:5      | 4189 ||| Stepping ~*~*~tactically~*~*~ (hiding).
  4190 | D:5      | 4190 ||| Stepping ~*~*~tactically~*~*~ (hiding).
  4193 | D:5      | 4193 ||| INVOKING Heroism.
  4194 | D:5      | HP: 10/41 [orc priest/divine providence (15)]
  4195 | D:5      | 4195 ||| Stepping ~*~*~tactically~*~*~ (hiding).
  4196 | D:5      | 4196 ||| READING scroll of teleportation.
  4275 | D:5      | 4275 ||| FLEEEEING.
  4276 | D:5      | 4276 ||| FLEEEEING.
  4336 | D:5      | 4336 ||| FLEEEEING.
  4337 | D:5      | 4337 ||| FLEEEEING.
  4338 | D:5      | 4338 ||| FLEEEEING.
  4339 | D:5      | 4339 ||| FLEEEEING.
  4340 | D:5      | 4340 ||| FLEEEEING.
  4549 | D:5      | 4549 ||| Stepping ~*~*~tactically~*~*~ (hiding).
  4552 | D:5      | 4552 ||| Stepping ~*~*~tactically~*~*~ (hiding).
  4553 | D:5      | 4553 ||| Stepping ~*~*~tactically~*~*~ (hiding).
  4558 | D:5      | HP: 5/41 [orc priest/divine providence (15)]
  4560 | D:5      | Killed from afar by an orc priest

Levels and vault maps discovered:
D:1:      spicycebolla_arrival_clurvy, layout_basic, serial_shops,
          shop_fountains, shop, shapermc_ecumenical_altar_hornbeckon
D:2:      layout_rooms
D:3:      layout_rooms, led_sif_pool
D:4:      layout_basic, zin_angel, minmay_temple_entry_nine_rooms
D:5:      layout_basic, serial_aquarium, aquarium_bridge_straight
          [aquarium_subvault_bridge, aquarium_subvault_window,
          aquarium_subvault_bridge, aquarium_subvault_wall],
          aquarium_window_corridor_2, aquarium_window_2, aquarium_view_2d
Temple:   dpeg_five_rooms_temple

Skill      XL: |  1  2  3  4  5  6 |
---------------+-------------------+-----
Axes           | 2 3 4 5 |  5.0
Shields        | 4 5 |  5.2
Dodging        | 2 |  2.1
Fighting       | |  3.2
Armour         | |  3.2

Action                   |  1- 3 |  4- 6 |  7- 9 || total
-------------------------+-------+-------+-------++-------
Melee: War axe           |   128 |   104 |     5 ||   237
Invok: Heroism           |       |       |     1 ||     1
  Use: Scroll            |     7 |     5 |     1 ||    13
       Potion            |     3 |     1 |       ||     4
Armor: Scale mail        |    64 |    42 |       ||   106
Dodge: Dodged            |    53 |    32 |     3 ||    88
Block: Buckler           |    23 |     2 |       ||    25
       Kite shield       |       |    48 |       ||    48

Table legend:
 A = Non-vault XP
 B = Vault XP
 C = Vault XP percentage of total XP
 D = Non-vault monster count
 E = Vault monster count
 F = Vault count percentage of total count
                 A         B        C        D         E       F
            +---------+---------+-------+---------+---------+-------
      Total |     630 |       0 |   0.0 |      80 |       0 |   0.0
            +---------+---------+-------+---------+---------+-------
        D:1 |      18 |       0 |   0.0 |      12 |       0 |   0.0
        D:2 |      48 |       0 |   0.0 |      17 |       0 |   0.0
        D:3 |      70 |       0 |   0.0 |      19 |       0 |   0.0
        D:4 |     318 |       0 |   0.0 |      25 |       0 |   0.0
        D:5 |     176 |       0 |   0.0 |       7 |       0 |   0.0
            +---------+---------+-------+---------+---------+-------
